 Dungeon Crawl Stone Soup version 0.30.1-4-g462c640d31 (webtiles) character file.

Game seed: 11997265664407419027

1485 Kurtz the Cleaver (level 8, 0/48 HPs)
             Began as a Tengu Fighter on Sept 18, 2023.
             Was a Believer of Okawaru.
             Slain by a wight
             ... wielding a +5 halberd
              (12 damage)
             ... on level 5 of the Dungeon.
             The game lasted 00:06:37 (5147 turns).

Kurtz the Cleaver (Tengu Fighter)                   Turns: 5147, Time: 00:06:37

Health: 0/48       AC:  9    Str: 22    XL:     8   Next: 79%
Magic:  9/9        EV: 10    Int:  8    God:    Okawaru [**....]
Gold:   311        SH:  5    Dex: 14    Spells: 7/7 levels left

rFire   . . .        f - +1 hand axe (venom)
rCold   + + .        c - +0 buckler
rNeg    . . .        j - +0 chain mail
rPois   .            (helmet restricted)
rElec   .            (no cloak)
rCorr   .            (no gloves)
SInv    .            (boots unavailable)
Will    +....        (no amulet) Stlth
                     A - ring "Aserijax" {Contam +Blink rC++ Will+ Str+3}
HPRegen 0.28/turn    (no ring)
MPRegen 0.11/turn

%: no passive effects
@: flying quickly and evasively, quick
A: beak, talons 3, nimble flight
a: Renounce Religion, Evoke Blink, Heroism


You were on level 5 of the Dungeon.
You worshipped Okawaru.
Okawaru was pleased with you.
You visited 2 branches of the dungeon, and saw 7 of its levels.
You also visited: Sewer.

You collected 311 gold pieces.

Inventory:

Hand Weapons
 a - a +0 war axe
 f - a +1 hand axe of venom (weapon)
 q - a +3 whip
 z - a +0 whip of venom
Missiles
 D - a throwing net (quivered)
Armour
 c - a +0 buckler (worn)
 j - a +0 chain mail (worn)
Jewellery
 v - a +6 ring of intelligence
 A - the ring "Aserijax" (left hand) {Contam +Blink rC++ Will+ Str+3}
   (You found it on level 5 of the Dungeon)

   [ring of willpower]

   Str:       It affects your strength (+3).
   rC:        It greatly protects you from cold.
   +Blink:    It lets you blink.
   Contam:    It causes magical contamination when unequipped.
   Will:      It increases your willpower.
Wands
 y - a wand of mindburst (15)
Scrolls
 b - 4 scrolls of identify
 g - 3 scrolls of fear
 k - 2 scrolls of fog {unknown}
 l - 2 scrolls of enchant armour {unknown}
 o - 4 scrolls of teleportation {unknown}
 r - a scroll of noise {unknown}
 s - a scroll of magic mapping {unknown}
 t - a scroll of poison {unknown}
 w - a scroll of blinking {unknown}
 B - a scroll of brand weapon {unknown}
Potions
 d - 3 potions of might
 e - a potion of berserk rage
 h - 5 potions of heal wounds
 i - a potion of ambrosia
 m - 5 potions of lignification {unknown}
 n - a potion of haste {unknown}
 p - a potion of invisibility {unknown}
 u - 4 potions of curing {unknown}
 x - a potion of attraction {unknown}
 C - a potion of degeneration {unknown}


   Skills:
 * Level 3.8 Fighting
 + Level 10.8 Axes
 + Level 4.4 Armour
 * Level 2.0 Dodging
 - Level 3.0 Shields


You had 7 spell levels left.
You didn't know any spells.
Your spell library contained the following spells:

 Spells                   Type           Power      Damage    Failure   Level
 Sandblast                Erth           0%         2d4       97%         1
 Passwall                 Tmut/Erth      0%         N/A       99%         2
 Stone Arrow              Conj/Erth      0%         3d7       100%        3


Dungeon Overview and Level Annotations

Branches:
Dungeon (6/15)             Temple (1/1) D:4           Sewer (visited)

Altars:
Ashenzari
Dithmenos
Elyvilon
Fedhas
Gozag
Makhleb
Nemelex Xobeh
Okawaru
Qazlal
Ru
Trog
Vehumet
Wu Jian
Xom
Yredelemnul
Zin

Shops:
D:5 :

Annotations:
D:6 Grinder


Innate Abilities, Weirdness & Mutations

You have a beak for a mouth.
You have claws for feet.
Your magical nature lets you fly swiftly and evasively.


Message History

The wight is heavily damaged.
You closely miss the wight. You claw the wight, but do no damage.
The wight is heavily damaged.
You block the wight's attack. The wight closely misses you.
You closely miss the wight. Your kick misses the wight. You peck the wight.
The wight is severely damaged.
The wight hits you from afar with a +5 halberd.
The wight closely misses you.
You hit the wight.
You destroy the wight!
Okawaru accepts your kill. The wight hits you but does no damage.
Your Dodging skill increases to level 2!
The wight barely misses you.
Items here: )) [[.
You hit the wight.
The wight is moderately damaged.
You barely miss the wight. You peck the wight, but do no damage.
The wight is moderately damaged.
The wight hits you with a +5 halberd!
You closely miss the wight. Your kick misses the wight.
The wight is moderately damaged.
The wight hits you with a +5 halberd!
You hit the wight but do no damage. You claw the wight!
Your peck misses the wight.
The wight is severely damaged.
The wight hits you but does no damage.
You closely miss the wight. You claw the wight, but do no damage.
The wight is severely damaged.
The wight hits you with a +5 halberd!
* * * LOW HITPOINT WARNING * * *
You closely miss the wight. Your kick misses the wight. You peck the wight.
The wight is almost destroyed.
You hit the wight but do no damage. Your peck misses the wight.
The wight is almost destroyed.
The wight misses you.
You hit the wight but do no damage.
The wight is almost destroyed.
The wight hits you with a +5 halberd!
You die...

#........~~~..~....#............#
#........~)≈~~....##........~~..#
..........~≈≈.....##.......~[.~.#
##...##/...≈≈~...##~...~~..~..~~~
..........#≈≈##..#~~..~..~.)~..~~
##........##≈###)#~~..~..~⌠)~...~
#......<..##≈# #.#~~...~.⌠~..~..~
#.........#### #.#~~~..~..~..~..~
..........# #@##~~~..~..~~...~
..<...>...# #z# #.~..~.......#
########.## #.###..~~........# #
#.#### #>).#............# #
#....####.#............... #
####..##..#....#.#........ #
##..#.#####.....##..... #
###.#.#####....####.... #
##...#....###...# #####


You could see a wight.

Vanquished Creatures
  Sigmund (D:2)
  A black bear (D:4)
  A centaur (D:5)
  2 phantoms
  2 bullfrogs (Sewer)
  2 scorpions
  3 wights (D:5)
  4 hounds
  3 orc priests
  A jelly (D:5)
  Terence (D:2)
  3 iguanas
  An orc wizard (D:5)
  8 adders
  4 river rats (Sewer)
  5 worms
  3 dart slugs
  14 orcs
  15 ball pythons
  5 bats
  4 endoplasms
  5 giant cockroaches
  5 goblins
  9 hobgoblins
  2 jackals (D:4)
  5 kobolds
  6 quokkas
  5 frilled lizards
  36 rats
156 creatures vanquished.

Notes
Turn   | Place    | Note
-------+----------+-------------------------------------------
     0 | D:1      | Kurtz the Tengu Fighter began the quest for the Orb.
     0 | D:1      | Reached XP level 1. HP: 14/14 MP: 2/2
   142 | D:1      | Reached XP level 2. HP: 19/19 MP: 3/3
   174 | D:1      | Reached skill level 3 in Axes
   755 | D:2      | Reached skill level 4 in Axes
   755 | D:2      | Reached XP level 3. HP: 22/23 MP: 4/4
   847 | D:2      | Noticed Sigmund
   995 | D:3      | Reached XP level 4. HP: 13/28 MP: 5/5
  1141 | D:3      | Reached skill level 5 in Axes
  1187 | D:3      | Found a glowing drain.
  1204 | Sewer    | Entered a sewer
  1241 | Sewer    | Gained mutation: Your magical nature lets you fly swiftly
                  | and evasively. [Tengu growth]
  1241 | Sewer    | Reached XP level 5. HP: 32/32 MP: 6/6
  1367 | Sewer    | Reached skill level 6 in Axes
  1976 | Sewer    | Reached XP level 6. HP: 26/37 MP: 7/7
  1979 | Sewer    | Reached skill level 7 in Axes
  2490 | D:4      | Reached skill level 8 in Axes
  2490 | D:4      | Reached XP level 7. HP: 41/41 MP: 8/8
  3026 | D:4      | Found a staircase to the Ecumenical Temple.
  3038 | Temple   | Entered the Ecumenical Temple
  3143 | Temple   | Became a worshipper of Warmaster Okawaru
  3384 | D:4      | Reached skill level 9 in Axes
  3497 | D:4      | Found an ornate altar of the Wu Jian Council.
  3610 | D:2      | Killed Sigmund
  3673 | D:2      | Noticed Terence
  3684 | D:2      | Killed Terence
  3959 | D:2      | Reached * piety under Okawaru
  4022 | D:2      | Reached XP level 8. HP: 46/46 MP: 9/9
  4352 | D:5      | Entered Level 5 of the Dungeon
  4381 | D:5      | Reached skill level 10 in Axes
  4420 | D:5      | Reached skill level 1 in Dodging
  4498 | D:6      | Noticed Grinder
  4514 | D:5      | Identified the ring "Aserijax" {Contam +Blink rC++ Will+
                  | Str+3}
  4772 | D:5      | Found Hofy's Vocational Training.
  5138 | D:5      | Reached ** piety under Okawaru
  5147 | D:5      | Slain by a wight

Illustrated notes

Levels and vault maps discovered:
D:1:      dpeg_arrival_another_circle, layout_basic
D:2:      layout_basic, kennysheep_another_room, minmay_misc_feat_nine_boxes,
          uniq_sigmund, uniq_terence
D:3:      layout_basic, cheibrodos_sewer_entry_sluice
D:4:      black_bear_nest_2, layout_loops_corners, nzn_wu_jian_council_hall,
          minmay_temple_entry_large_hall, small_statue_intersection,
          minmay_starry_boxes
D:5:      cheibrodos_helix_gallery, layout_rooms,
          gammafunk_temple_overflow_claw, serial_rivers,
          chequers_serial_rivers_small_3, chequers_serial_rivers_micro_c,
          chequers_serial_rivers_large_a, chequers_serial_rivers_small_3,
          chequers_serial_rivers_small_3, chequers_serial_rivers_small_b,
          nicolae_shop_vocational
D:6:      layout_rooms, uniq_grinder, uniq_maggie
Temple:   hellmonk_temple_of_storms

Skill      XL: |  1  2  3  4  5  6  7  8 |
---------------+-------------------------+-----
Axes           | 4 5 6 8 9 10 | 10.8
Dodging        | 2 |  2.0
Armour         | 4 |  4.4
Fighting       | |  3.8
Shields        | |  3.0

Action                     |  1- 3 |  4- 6 |  7- 9 || total
---------------------------+-------+-------+-------++-------
  Melee: War axe           |    50 |     1 |       ||    51
         Kick              |    11 |    33 |    47 ||    91
         Peck              |     2 |    20 |    22 ||    44
         Hand axe          |       |   136 |   159 ||   295
    Use: Scroll            |     1 |     2 |       ||     3
         Potion            |     1 |       |       ||     1
 Armour: Scale mail        |    23 |       |       ||    23
         Chain mail        |       |    58 |    33 ||    91
  Dodge: Dodged            |    29 |    59 |    43 ||   131
  Block: Buckler           |     7 |    32 |    24 ||    63
